 Dungeon Crawl Stone Soup version 0.27.1-3-gb3d3a73c9e (webtiles) character file.

Game seed: 1794725619155278610

2555 Araneus the Basher (level 9, -1/65 HPs)
             Began as a Demonspawn Fighter on Oct 15, 2021.
             Was a Follower of Qazlal.
             Slain by a wolf (8 damage)
             ... on level 7 of the Dungeon.
             The game lasted 00:14:11 (6945 turns).

Araneus the Basher (Demonspawn Fighter)             Turns: 6945, Time: 00:14:11

Health: -1/65      AC: 17    Str: 19    XL:     9   Next: 31%
Magic:  9/9        EV:  3    Int: 10    God:    Qazlal [*.....]
Gold:   291        SH: 16    Dex: 13    Spells: 8/8 levels left

rFire    . . .     SeeInvis .   p - +5 flail (protect)
rCold    . . .     Faith    .   t - +0 tower shield
rNeg     . . .     Spirit   .   m - +0 chain mail
rPois    .         Reflect  .   (helmet restricted)
rElec    .         Harm     .   h - +0 cloak
rCorr    .         Rampage  .   (no gloves)
Will     .....                  (no boots)
Stlth    ..........             (no amulet)
HPRegen  0.20/turn              (no ring)
MPRegen  0.11/turn              (no ring)

@: under a protective aura
A: antennae 1, demonic guardian 2, spiny 1
a: Renounce Religion


You were on level 7 of the Dungeon.
You worshipped Qazlal.
Qazlal was aware of your devotion.
You visited 2 branches of the dungeon, and saw 9 of its levels.

You collected 291 gold pieces.

Inventory:

Hand Weapons
 p - a +5 flail of protection (weapon)
Missiles
 A - a throwing net (quivered)
Armour
 h - a +0 cloak (worn)
 m - a +0 chain mail (worn)
 t - a +0 tower shield (worn)
Jewellery
 u - a ring of fire
Wands
 a - a wand of charming (8)
 k - a wand of polymorph (4)
 s - a wand of mindburst (16)
Scrolls
 b - 2 scrolls of immolation {unknown}
 c - a scroll of fear {unknown}
 f - a scroll of blinking {unknown}
 i - a scroll of amnesia {unknown}
 j - 3 scrolls of enchant armour {unknown}
 l - 5 scrolls of identify {unknown}
 n - a scroll of torment {unknown}
 o - 7 scrolls of teleportation {unknown}
 v - a scroll of fog {unknown}
 y - 2 scrolls of magic mapping {unknown}
 B - a scroll of summoning {unknown}
Potions
 d - 2 potions of might
 e - 3 potions of lignification
 g - a potion of cancellation {unknown}
 r - 2 potions of brilliance {unknown}
 w - a potion of invisibility {unknown}
 x - 2 potions of mutation {unknown}
 z - a potion of curing {unknown}


   Skills:
 + Level 4.1 Fighting
 + Level 10.6 Maces & Flails
 - Level 2.6 Armour
 + Level 4.8 Shields


You had 8 spell levels left.
You didn't know any spells.
Your spell library contained the following spells:

 Spells                   Type           Power      Damage    Failure   Level
 Animate Skeleton         Necr           0%         N/A       100%        1
 Apportation              Tloc           0%         N/A       100%        1
 Corona                   Hex            0%         N/A       100%        1
 Freeze                   Ice            0%         1d3       100%        1
 Magic Dart               Conj           0%         1d3       100%        1
 Summon Small Mammal      Summ           0%         N/A       100%        1
 Call Imp                 Summ           0%         N/A       100%        2
 Call Canine Familiar     Summ           0%         N/A       100%        3
 Frozen Ramparts          Ice            0%         1d2       100%        3
 Mephitic Cloud           Conj/Pois/Air  0%         N/A       100%        3
 Summon Guardian Golem    Hex/Summ       0%         N/A       100%        3
 Hailstorm                Conj/Ice       0%         3d3       100%        4


Dungeon Overview and Level Annotations

Branches:
Dungeon (8/15)             Temple (1/1) D:6
   Lair: D:8-11

Altars:
Cheibriados
Elyvilon
Fedhas
Gozag
Hepliaklqana
Kikubaaqudgha
Makhleb
Nemelex Xobeh
Qazlal
Ru
Sif Muna
Trog
Uskayaw
Vehumet
Wu Jian
Xom
Yredelemnul
Zin

Shops:
D:4 *

Annotations:
D:7 2 transporters, makewrite's ghost, novice MiHu


Innate Abilities, Weirdness & Mutations

You have a pair of small antennae on your head.
A demonic guardian rushes to your aid.
You are partially covered in sharp spines.


Message History

Your orange demon stings the wolf from afar.
You closely miss the wolf.
The wolf is moderately wounded.
You block the wolf's attack. x3; The wolf bites you but does no damage.
Your orange demon stings the wolf from afar.
Your shield and chain mail prevent you from hitting the wolf.
The wolf is heavily wounded.
You block the wolf's attack. The wolf bites you!
* * * LOW HITPOINT WARNING * * *
The wolf is struck by your spines. The wolf bites you.
* * * LOW HITPOINT WARNING * * *
The hound barely misses you. You block the wolf's attack. The wolf bites you.
* * * LOW HITPOINT WARNING * * *
Okay, then.
The hound barely misses you. You block the wolf's attack.
The hound bites your orange demon. The wolf bites you but does no damage.
Your orange demon closely misses the wolf.
The hound bites you but does no damage.
You climb upwards.
Level annotation: 2 transporters, makewrite's ghost, novice MiHu
There is a stone staircase leading down here.
You block the wolf's attack. The wolf is struck by your spines.
The wolf bites you but does no damage. The wolf is struck by your spines.
The wolf bites you but does no damage. The hound barely misses you.
You block the wolf's attack. x2
The wolf is struck by your spines.
You kill the wolf!
Qazlal accepts your kill. You block the wolf's attack.
You hit the wolf but do no damage.
Your weapon exudes an aura of protection.
The wolf is heavily wounded.
You block the wolf's attack. The wolf bites you but does no damage.
You miss the wolf.
The wolf is heavily wounded.
The wolf bites you but does no damage. x2
You hit the wolf.
The wolf is severely wounded.
The wolf bites you!
You die...

##....#.###..........# ####.
###........#........# #.
###.....##.#####....# ##
##....#..##.# #....## #
#..##.#..#..# ###...#####
####.###......#### ###.....##
#......#.#.......# #####...
#......#.#..####.####### ####
#...........hh@........########
#######......####.####.........
##...>..# #....##########
#####...##..# ####.#
#........#..# #.###
#........#..# #...#
#........#..# ###.## ##
#........#..# #..# #.
#........##.# ##.######.


You could see a wolf and a hound.

Vanquished Creatures
  3 yaks (D:6)
  A water moccasin (D:7)
  2 ice beasts
  2 wolves
  2 centaurs
  A kobold brigand (D:8)
  2 phantoms
  2 scorpions
  2 water moccasin zombies
  A water moccasin skeleton (D:7)
  A howler monkey (D:6)
  2 centaur zombies
  A bullfrog zombie (D:5)
  A jelly (D:6)
  3 hounds
  3 orc priests
  A centaur skeleton (D:6)
  4 iguanas
  2 orc wizards
  A killer bee zombie (D:6)
  2 hound skeletons
  6 gnolls
  8 adders
  A shadow imp (D:7)
  An ufetubus (D:6)
  A worm (D:2)
  2 dart slugs
  7 orcs
  4 bats
  4 endoplasms
  7 giant cockroaches
  7 hobgoblins
  4 jackals (D:2)
  6 kobolds
  A quokka (D:2)
  8 ball pythons
  5 frilled lizards
  9 goblins
  5 rats
125 creatures vanquished.

Vanquished Creatures (collateral kills)
  Edmund (D:4)
  A black bear (D:4)
  2 ogres
  An orc priest (D:3)
  A gnoll shaman (D:4)
  2 gnolls
  2 orcs (D:3)
  An endoplasm (D:4)
  2 goblins
  A hobgoblin (D:4)
  A frilled lizard (D:2)
15 creatures vanquished.

Vanquished Creatures (others)
  5 dream sheep (D:3)
5 creatures vanquished.

Grand Total: 145 creatures vanquished

Notes
Turn   | Place    | Note
-------+----------+-------------------------------------------
     0 | D:1      | Araneus the Demonspawn Fighter began the quest for the Orb.
     0 | D:1      | Reached XP level 1. HP: 18/18 MP: 1/1
    61 | D:1      | Reached skill level 2 in Maces & Flails
   229 | D:1      | Gained mutation: A weak demonic guardian rushes to your
                  | aid. [demonic ancestry]
   229 | D:1      | Reached XP level 2. HP: 7/24 MP: 2/2
   904 | D:1      | Reached skill level 3 in Maces & Flails
  1146 | D:2      | Reached XP level 3. HP: 27/29 MP: 3/3
  1814 | D:2      | Reached skill level 4 in Maces & Flails
  1814 | D:2      | Gained mutation: A demonic guardian rushes to your aid.
                  | [demonic ancestry]
  1814 | D:2      | Reached XP level 4. HP: 30/35 MP: 4/4
  1977 | D:3      | You fall into a shaft and drop 1 floor!
  1978 | D:4      | Noticed a black bear
  1987 | D:4      | Noticed an ogre
  1990 | D:4      | Killed an ogre
  1993 | D:4      | Killed a black bear
  1994 | D:4      | Reached skill level 5 in Maces & Flails
  1994 | D:4      | Gained mutation: You have a pair of small antennae on your
                  | head. [demonic ancestry]
  1994 | D:4      | Reached XP level 5. HP: 21/41 MP: 5/5
  2212 | D:3      | Noticed an ogre
  2219 | D:3      | Killed an ogre
  2224 | D:3      | Gained mutation: You are partially covered in sharp spines.
                  | [demonic ancestry]
  2224 | D:3      | Reached XP level 6. HP: 13/47 MP: 6/6
  2631 | D:3      | Noticed a dream sheep
  2631 | D:3      | Noticed a dream sheep
  2631 | D:3      | Noticed a dream sheep
  2631 | D:3      | Noticed a dream sheep
  2631 | D:3      | Noticed a dream sheep
  2631 | D:3      | Found a shimmering altar of Xom.
  2636 | D:3      | Killed a dream sheep
  2636 | D:3      | Killed a dream sheep
  2636 | D:3      | Killed a dream sheep
  2637 | D:3      | Killed a dream sheep
  2638 | D:3      | Killed a dream sheep
  2895 | D:4      | Reached skill level 6 in Maces & Flails
  3344 | D:4      | Found Sesha's Assorted Antiques.
  3618 | D:5      | Entered Level 5 of the Dungeon
  3732 | D:5      | Reached skill level 7 in Maces & Flails
  3735 | D:5      | Reached XP level 7. HP: 44/52 MP: 7/7
  3870 | D:5      | Noticed Edmund
  4420 | D:5      | Reached skill level 8 in Maces & Flails
  4432 | D:4      | Killed Edmund
  4749 | D:5      | Reached XP level 8. HP: 58/58 MP: 8/8
  4992 | D:5      | Found a sparkling altar of Nemelex Xobeh.
  5205 | D:6      | Found a stormy altar of Qazlal.
  5213 | D:6      | Became a worshipper of Qazlal Stormbringer
  5275 | D:6      | Found a hide-covered altar of Uskayaw.
  5284 | D:6      | Found a hazy altar of Hepliaklqana.
  5286 | D:6      | Found a snail-covered altar of Cheibriados.
  5306 | D:6      | Reached skill level 9 in Maces & Flails
  5565 | D:6      | Found a blossoming altar of Fedhas.
  5582 | D:6      | Reached skill level 10 in Maces & Flails
  5767 | D:6      | Found a staircase to the Ecumenical Temple.
  5772 | Temple   | Entered the Ecumenical Temple
  6077 | D:7      | Found a transporter.
  6079 | D:7      | Noticed a cyclops
  6081 | D:7      | Noticed makewrite's ghost (novice MiHu)
  6103 | D:7      | Found a transporter.
  6159 | D:7      | Reached XP level 9. HP: 41/65 MP: 9/9
  6622 | D:7      | Found a sacrificial altar of Ru.
  6913 | D:8      | Reached * piety under Qazlal
  6945 | D:7      | Slain by a wolf

Illustrated notes

Levels and vault maps discovered:
D:1:      dpeg_arrival_rooms_c, layout_basic, minmay_fountain_box
D:2:      layout_rooms, minmay_tetromino_i4
D:3:      layout_basic, kb_xom_exploding_sheep, minmay_vboxes
D:4:      layout_cave_pools, kennysheep_small_circle
D:5:      layout_cave_pools, nemelex_spade_bored_becter, serial_column_ruins,
          column_ruins_circle_small, column_ruins_hut, column_ruins_open_small,
          column_ruins_corridor_corner, column_ruins_corridor_water,
          column_ruins_corridor_straight, column_ruins_columns_corner,
          column_ruins_open_small, uniq_edmund
D:6:      layout_cave_pools, mainiacjoe_overflow_paths,
          nicolae_overflow_crystal_walls, minitemple,
          minmay_temple_entry_nine_rooms
D:7:      layout_rooms, mainiacjoe_overflow_catwalk, gammafunk_ghost_arena
D:8:      layout_cave_pools, okawaru_ov_weapons_minmay, erik_lair_island,
          serial_shops, nicolae_diamond_shop, shop, shop_statue, shop,
          minmay_door_square, uniq_harold
Temple:   cyrus_temple_forest

Skill      XL: |  1  2  3  4  5  6  7  8  9 |
---------------+----------------------------+-----
Maces & Flails | 2 3 4 5 7 8 10 | 10.6
Shields        | 4 |  4.8
Fighting       | 4 |  4.1
Armour         | |  2.6

Action                   |  1- 3 |  4- 6 |  7- 9 || total
-------------------------+-------+-------+-------++-------
Melee: Flail             |   129 |       |   129 ||   258
       Whip              |    18 |   104 |    41 ||   163
  Use: Potion            |       |       |     3 ||     3
Armor: Scale mail        |    82 |       |       ||    82
       Chain mail        |     3 |    39 |   129 ||   171
Dodge: Dodged            |    44 |    11 |    18 ||    73
Block: Kite shield       |    70 |    34 |       ||   104
       Tower shield      |       |    44 |   174 ||   218
